 Dungeon Crawl Stone Soup version 0.30-a0-279-g4b46babb21 (webtiles) character file.

Game seed: 6664315001149417057

33 themarg the Trooper (level 3, 34/34 HPs)
             Began as a Minotaur Monk on Oct 16, 2022.
             Was the Champion of Ignis.
             Got out of the dungeon alive.
             The game lasted 00:02:05 (688 turns).

themarg the Trooper (Minotaur Monk)                  Turns: 688, Time: 00:02:06

Health: 34/34      AC:  5    Str: 17    XL:     3   Next: 12%
Magic:  2/2        EV: 11    Int:  7    God:    Ignis [******]
Gold:   39         SH:  0    Dex: 12    Spells: 2/2 levels left

rFire   + . .      SeeInvis .    a - +0 mace
rCold   . . .      Faith    .    (no shield)
rNeg    . . .      Spirit   .    e - +0 ring mail
rPois   .          Reflect  .    (helmet restricted)
rElec   .          Harm     .    (no cloak)
rCorr   .          Rampage  .    (no gloves)
Will    .....                    (no boots)
Stlth   +.........               (no amulet)
HPRegen 0.25/turn                (no ring)
MPRegen 0.08/turn                (no ring)

@: no status effects
A: horns 2, retaliatory headbutt
a: Renounce Religion, Fiery Armour, Foxfire Swarm, Rising Flame


You escaped.
You worshipped Ignis.
Ignis was exalted by your worship.
You visited 1 branch of the dungeon, and saw 1 of its levels.

You collected 39 gold pieces.

Inventory:

Hand Weapons
 a - a +0 mace (weapon)
Missiles
 h - 18 stones (quivered)
Armour
 e - a +0 ring mail (worn)
Magical Staves
 f - a staff of fire
Scrolls
 b - a scroll of magic mapping {unknown}
 g - a scroll of identify {unknown}
Potions
 c - a potion of ambrosia
 d - a potion of mutation {unknown}
 i - a potion of cancellation {unknown}


   Skills:
 + Level 4.5 Fighting
 - Level 3.6 Maces & Flails
 - Level 3.2 Dodging
 - Level 2.5 Stealth


You had 2 spell levels left.
You didn't know any spells.
Your spell library was empty.

Dungeon Overview and Level Annotations

Branches:
Dungeon (1/15)

Altars:
Ignis


Innate Abilities, Weirdness & Mutations

You have a pair of horns on your head.
You reflexively headbutt those who attack you in melee.


Message History

You now have 20 gold pieces (gained 7).
You now have 24 gold pieces (gained 4).
Found a stone staircase leading down.
A rat comes into view.
There is a stone staircase leading down here.
The helpless rat fails to defend itself.
You hit the rat but do no damage. You headbutt the rat.
You kill the rat!
A kobold comes into view. It is wielding a +0 dagger.
You see here a rat corpse.
A hobgoblin comes into view.
The hobgoblin shouts!
The kobold shouts!
You hit the kobold.
You kill the kobold!
Things that are here:
a +0 dagger; 5 stones; a kobold corpse You barely miss the hobgoblin.
The hobgoblin barely misses you.
You hit the hobgoblin.
The hobgoblin is almost dead.
The hobgoblin closely misses you.
You closely miss the hobgoblin. Your headbutt misses the hobgoblin.
The hobgoblin is almost dead.
The hobgoblin barely misses you. The hobgoblin hits you.
You barely miss the hobgoblin. You headbutt the hobgoblin.
You kill the hobgoblin!
Training target 2.5 for Stealth reached!
h - 18 stones (gained 5)
Things that are here:
a +0 dagger; a kobold corpse You now have 39 gold pieces (gained 15).
Found a faded altar of an unknown god.
There is a faded altar of an unknown god here.
This altar belongs to (a) Okawaru, (b) Ignis or (c) Lugonu, but you can't tell which.
Press the corresponding letter to learn more about a god, or press enter to convert or escape to cancel.
Ignis accepts your prayer! Ignis welcomes you!
You can now rocket upward and away.
There is an open gate here.
There is a staircase leading out of the dungeon here.
Are you sure you want to leave the Dungeon?
This will make you lose the game!
You have escaped!

#.##..........#
##.##.##.##.#..#
#........##.#..###
#.###.#####.......
###.###.............
#8'''8#.#######.####
#.###.#.# #.####
##...##.# #.....
#..@..#.# ######
#########


There were no monsters in sight!

Vanquished Creatures
  2 ball pythons (D:1)
  2 endoplasms (D:1)
  3 giant cockroaches (D:1)
  2 goblins (D:1)
  3 hobgoblins (D:1)
  3 jackals (D:1)
  4 kobolds (D:1)
  A quokka (D:1)
  4 bats (D:1)
  2 rats (D:1)
26 creatures vanquished.

Notes
Turn   | Place    | Note
-------+----------+-------------------------------------------
     0 | D:1      | themarg the Minotaur Monk began the quest for the Orb.
     0 | D:1      | Reached XP level 1. HP: 19/19 MP: 0/0
   134 | D:1      | Reached skill level 4 in Fighting
   134 | D:1      | Reached XP level 2. HP: 27/27 MP: 1/1
   447 | D:1      | Reached XP level 3. HP: 33/34 MP: 2/2
   633 | D:1      | Found a faded altar of an unknown god.
   640 | D:1      | Prayed at the altar of an unknown god.
   640 | D:1      | Became a worshipper of Ignis, the Dying Flame
   640 | D:1      | Reached ****** piety under Ignis
   688 | D:$      | Got out of the dungeon alive.

Illustrated notes

Levels and vault maps discovered:
D:1:      saegor_arrival_simple_c, layout_basic,
          shapermc_ecumenical_altar_petra, minmay_misc_feat_secret_circle

Skill      XL: |  1 |
---------------+----+-----
Fighting       | 4 |  4.5
Stealth        | 2 |  2.5
Maces & Flails | |  3.6
Dodging        | |  3.2

Action                   || total
-------------------------++-------
Melee: Mace              ||    46
       Headbutt          ||    10
 Stab: Sleeping          ||     2
Armor: Robe              ||     3
       Ring mail         ||     2
Dodge: Dodged            ||    27

Table legend: (Time is in decaauts)
 A = Elapsed time spent in this place.
 B = Non-inter-level travel time spent in this place.
 C = Inter-level travel time spent in this place.
 D = Time resting spent in this place.
 E = Time spent auto-exploring this place.
 F = Levels seen in this place.
 G = Mean time per level.
                   A        B        C        D        E       F      G
               +--------+--------+--------+--------+--------+-----+--------+
         Total |    698 |    642 |     56 |      0 |    485 |   1 |  698.0 |
       Dungeon |    698 |    642 |     56 |      0 |    485 |   1 |  698.0 |
               +--------+--------+--------+--------+--------+-----+--------+

Top non-repeatable levels by time:
     D:1: 698 daAuts
